Cogmind - Beta 16 @@@ ROGUE MODE // 2025.11.23 @ 17:46:34 Player: ClassActJerk Result: Self-destructed Performance ------------- Evolutions (2) 1000 Regions Visited (4) 800 Robots Destroyed (29) 145 Value Destroyed (849) 849 Prototype IDs (1) 20 Alien Tech Used (0) 0 Bonus (0) 0 TOTAL SCORE: 2814 Bonus ------- None Cogmind --------- Core Integrity 429/550 Matter 282/500 Energy 55/100 System Corruption 1% Temperature Cool (14) Movement Core (1650) Ox32 Location -8/Storage Parts ------- > --- POWER (1) -------- (None) > --- PROPULSION (4) --- (None) > --- UTILITY (3) ------ Huge Storage Unit High-capacity Matter Pod Improved Light Armor Plating > --- WEAPON (3) ------- Particle Gun Advanced EMP Blaster Mining Laser > --- INVENTORY (25) --- (None) Peak State ------------ > --- POWER ------------ Light Ion Engine > --- PROPULSION ------- Aluminum Leg Aluminum Leg Aluminum Leg Aluminum Leg > --- UTILITY ---------- Huge Storage Unit Compact Battery High-capacity Matter Pod > --- WEAPON ----------- Advanced EMP Blaster Advanced EMP Blaster Advanced EMP Blaster > --- INVENTORY -------- Improved Light Armor Plating Particle Gun Advanced EMP Blaster Mining Laser [Rating: 23] Favorites ----------- Power Light Ion Engine Engine Light Ion Engine Propulsion Aluminum Leg Leg Aluminum Leg Utility Huge Storage Unit Device Heat Sink Storage Huge Storage Unit Protection Improved Light Armor Plating Weapon Light Cannon Energy Gun Particle Gun Ballistic Gun Assault Rifle Ballistic Cannon Light Cannon Launcher Advanced EMP Blaster Special Weapon Mining Laser Build | -11 -10 -9 -8 -8 ------- Run | Yrd Mat Mat Mat Sto Slots Evolved 4 | . . 2 2 . Power . | . . . . . Propulsion 2 | . . 2 . . Utility 1 | . . . 1 . Weapon 1 | . . . 1 . Parts Attached 32 | 6 7 3 7 9 Power 4 | 1 1 1 1 . Engine 4 | 1 1 1 1 . Core . | . . . . . Reactor . | . . . . . Propulsion 8 | 2 2 2 2 . Treads . | . . . . . Leg 8 | 2 2 2 2 . Wheel . | . . . . . Hover . | . . . . . Flight . | . . . . . Utility 8 | 1 3 . 3 1 Device 3 | . 2 . 1 . Storage 4 | 1 1 . 2 . Processor . | . . . . . Hackware . | . . . . . Protection 1 | . . . . 1 Artifact . | . . . . . Weapon 12 | 2 1 . 1 8 Energy Gun 1 | . . . . 1 Energy Cannon . | . . . . . Ballistic Gun 3 | 2 . . 1 . Ballistic Cannon 1 | . 1 . . . Launcher 6 | . . . . 6 Special Weapon 1 | . . . . 1 Impact Weapon . | . . . . . Slashing Weapon . | . . . . . Piercing Weapon . | . . . . . Special Melee Weapon . | . . . . . Unidentified Prototypes 1 | . . . . 1 Parts Lost 14 | . 6 . 1 7 Power 2 | . 1 . . 1 Propulsion 7 | . 2 . 1 4 Utility 2 | . 1 . . 1 Weapon 3 | . 2 . . 1 Highest Loss Streak 6 | . 6 . 1 3 To Critical Strikes . | . . . . . Average Backups 3 | 1 3 2 3 4 Power . | 1 . . . . Propulsion 1 | . 2 . 1 . Utility . | . . . . 1 Weapon 1 | . . . 1 3 Tool/Special . | . . . . . Unused Backups 1 | 1 . . . . Power . | . . . . . Propulsion . | . . . . . Utility . | . . . . . Weapon 1 | 1 . . . . Tool/Special . | . . . . . Average Slot Usage (%) 73 | . 61 87 84 85 Engine 8 | . 7 11 9 9 Leg 25 | . 15 43 35 27 Device 5 | . 4 11 6 . Storage 16 | . 14 11 20 25 Ballistic Gun 5 | . 8 . 4 1 Ballistic Cannon 8 | . 9 11 9 1 Launcher 3 | . . . . 19 Peak Build Rating 23 | 6 8 8 13 23 Average Rating 8 | 3 4 7 12 18 On Entrance 6 | . 6 6 8 13 Avg Prop Armor Cover (%) . | . . . . . Naked Turns . | . . . . . Heaviest Build 106 | 11 89 89 94 106 Greatest Support 40 | 20 26 40 40 40 Greatest Overweight (x) 27 | 3 27 2 3 10 Average Overweight (x) 3 | . 7 2 2 2 Largest Inventory Capacity 25 | 8 25 25 25 25 Average Capacity 23 | 7 22 25 25 25 Most Carried 7 | 6 6 5 4 7 Average Carried 3 | 1 3 3 3 4 Final Capacity 25 | 8 25 25 25 25 Final Carried 5 | 1 2 5 3 . Class Distribution -------------------- 53% | Mutant 35% | Scavenger-Mutant 7% | Scavenger-Gunner Dominant Class ---------------- Mutant | -10/Materials Scavenger-Mutant | -9/Materials Scavenger-Mutant | -8/Materials Scavenger-Gunner | -8/Storage Resources | -11 -10 -9 -8 -8 ----------- Run | Yrd Mat Mat Mat Sto Matter Collected 758 | 236 130 186 156 50 Remotely . | . . . . . Salvage Created 1066 | . 295 223 143 405 Parts 75 | . 22 12 8 33 Haulers Intercepted 2 | . 1 . . 1 Recyclers Shooed 1 | . . 1 . . Parts Field Recycled . | . . . . . Retrieved Matter . | . . . . . Parts Self-Destructed . | . . . . . Prevented . | . . . . . Parts Restored . | . . . . . Kills | -11 -10 -9 -8 -8 ------- Run | Yrd Mat Mat Mat Sto Combat Hostiles Destroyed 19 | . 8 4 3 4 Guns 6 | . 6 . . . Cannons 9 | . 2 4 3 . AOE 4 | . . . . 4 Classes Destroyed 8 | . 3 2 2 1 Worker 1 | . . . . 1 Builder 4 | . . . 1 3 Tunneler 1 | . . 1 . . Hauler 2 | . 1 . . 1 Recycler 2 | . . 1 . 1 Swarmer 3 | . 3 . . . Grunt 13 | . 5 4 2 2 Sentry 3 | . . . 1 2 Best Kill Streak 9 | . 3 2 3 9 Combat Bots Only 3 | . 3 2 2 3 Max Kills in Single Turn 6 | . 1 1 1 6 Gunslinging . | . . . . . Exploded 2 | . . . . 2 Melee . | . . . . . Uniques/NPCs Destroyed . | . . . . . Combat | -11 -10 -9 -8 -8 -------- Run | Yrd Mat Mat Mat Sto Hostile Shots Fired 176 | . 78 29 32 37 Missed 45 | . 20 11 9 5 Hits 131 | . 58 18 23 32 Melee 2 | . . . . 2 Projectile 129 | . 58 18 23 30 Critical Strikes 5 | . . . 1 4 Part Disruptions 1 | . . . . 1 Damage Taken 1992 | . 713 219 347 713 Core 317 | . 172 24 80 41 Absorbed by Shields . | . . . . . Core Remaining (%) 75 | 100 31 94 . . Volleys Fired 73 | . 29 27 10 7 Largest 3 | . 2 1 2 3 Hottest 108 | . 40 30 53 108 Shots Fired 104 | . 51 27 16 10 Gun 56 | . 46 . 6 4 Cannon 42 | . 5 27 10 . Launcher 6 | . . . . 6 Special . | . . . . . Kinetic 94 | . 51 27 16 . Thermal 4 | . . . . 4 Explosive . | . . . . . Electromagnetic 6 | . . . . 6 Robot Hit Streak 9 | . 8 9 7 3 Robot Miss Streak 5 | . 2 5 3 3 Penetration Max . | . . . . . Secondary Targets 2 | . 2 . . . Max Gunslinging Chain 1 | . 1 . . . Shots Hit Robots 66 | . 32 15 14 5 Core Hits 48 | . 18 6 10 14 Critical Kills . | . . . . . Critical Parts Destroyed 1 | . . . 1 . Critical Strikes 3 | . . 2 1 . Destroy 1 | . . . 1 . Blast 2 | . . 2 . . Melee Attacks . | . . . . . Impact . | . . . . . Slashing . | . . . . . Piercing . | . . . . . Sneak Attacks . | . . . . . Combat Hostiles . | . . . . . Follow-up Attacks . | . . . . . Damage Inflicted 1694 | . 412 300 244 738 Guns 476 | . 361 . 83 32 Cannons 512 | . 51 300 161 . Explosions 706 | . . . . 706 Melee . | . . . . . Ramming . | . . . . . Kinetic 956 | . 412 300 244 . Thermal 300 | . . . . 300 Explosive . | . . . . . Electromagnetic 438 | . . . . 438 Impact . | . . . . . Slashing . | . . . . . Piercing . | . . . . . Highest Corruption 1 | . . . . 1 Average Corruption 1 | . . . . 1 Corruption Purged . | . . . . . Corruption Blocked . | . . . . . Effects 1 | . . . . 1 Heat Flow Errors 1 | . . . . 1 Overload Shots . | . . . . . Overflow Damage 13 | . . . . 13 Projectiles . | . . . . . Explosions 13 | . . . . 13 Melee . | . . . . . Knockbacks 7 | . . 5 2 . Impact . | . . . . . Kinetic 6 | . . 5 1 . Secondary 1 | . . . 1 . Self-Inflicted Damage 179 | . . . . 179 Shots 8 | . . . . 8 Rammed . | . . . . . Targets Rammed . | . . . . . Kicked . | . . . . . Crushed . | . . . . . Highest Temperature 213 | . 28 . 1 213 Average Temperature 30 | . 12 . 1 49 Received Heat Transfer 915 | . 348 117 171 279 Siege Activations . | . . . . . Martial Activations . | . . . . . Shielding Activations . | . . . . . Robots Disrupted . | . . . . . Combat Hostiles . | . . . . . Robots Corrupted . | . . . . . Combat Hostiles . | . . . . . Parts Fried 1 | . . . . 1 Impact Corruptions . | . . . . . Robots Melted . | . . . . . Combat Hostiles . | . . . . . Parts Melted 1 | . . . . 1 Heat Transferred 507 | . . . . 507 Parts Sabotaged . | . . . . . Parts Stolen . | . . . . . Parts Stripped . | . . . . . Power Chain Reactions 6 | . . . . 6 Alert | -11 -10 -9 -8 -8 ------- Run | Yrd Mat Mat Mat Sto Maximum Alert Level 1 | . . . . 1 Low Security (%) 96 | 100 100 100 100 78 Level 1 3 | . . . . 21 Level 2 . | . . . . . Level 3 . | . . . . . Level 4 . | . . . . . Level 5 . | . . . . . High Security . | . . . . . Max Security . | . . . . . Peak Influence 274 | . 90 50 35 274 Initial 9 | . . . 9 5 Average 16 | . 11 9 5 56 Influence Increases 722 | . 215 100 75 332 Destroy 0b10 Robot/C 380 | . 160 80 60 80 Destroy 0b10 Robot/NC 50 | . 5 10 5 30 Destroy Leader 84 | . 42 10 10 22 Successful Hack 8 | . 8 . . . Disable Machine 30 | . . . . 30 Anti-Garrison Action 150 | . . . . 150 Destroy Structure 20 | . . . . 20 Influence Decreases 488 | . 215 78 82 113 Entered New Map 23 | . . . 13 10 Time Decay 347 | . 155 78 59 55 Lost Part 118 | . 60 . 10 48 Squads Dispatched 5 | . 1 2 . 2 Investigation 1 | . 1 . . . Extermination . | . . . . . Reinforcement 2 | . . 2 . . Assault 2 | . . . . 2 Garrison . | . . . . . Intercept . | . . . . . Searches Triggered . | . . . . . Construction Impeded . | . . . . . Haulers Reinforced . | . . . . . Active Scanning Responses . | . . . . . Cargo Convoy Interrupts . | . . . . . Stealth | -11 -10 -9 -8 -8 --------- Run | Yrd Mat Mat Mat Sto Distress Signals 4 | . 1 2 1 . Communications Jammed . | . . . . . Distress Signals . | . . . . . Times Spotted 43 | . 16 12 6 9 Peak Tracking Total 6 | . 5 6 5 5 Tactical Retreats . | . . . . . Traps | -11 -10 -9 -8 -8 ------- Run | Yrd Mat Mat Mat Sto Traps Triggered . | . . . . . Indirectly . | . . . . . Trap Hack Attempts . | . . . . . Triggered . | . . . . . Disarmed . | . . . . . Reprogrammed . | . . . . . Reused . | . . . . . Traps Extracted . | . . . . . Installed . | . . . . . Triggered . | . . . . . Machines | -11 -10 -9 -8 -8 ---------- Run | Yrd Mat Mat Mat Sto Machines Disabled 3 | . . . . 3 Max in Single Turn 1 | . . . . 1 Garrison Access 1 | . . . . 1 Machines Repaired . | . . . . . Machines Dismantled . | . . . . . Machines Sabotaged . | . . . . . Overloaded Fab Kills . | . . . . . Hacking | -11 -10 -9 -8 -8 --------- Run | Yrd Mat Mat Mat Sto Machines Accessed 2 | . 1 . . 1 Terminals 2 | . 1 . . 1 Fabricators . | . . . . . Repair Stations . | . . . . . Recycling Units . | . . . . . Scanalyzers . | . . . . . Garrison Access . | . . . . . Total Hacks 4 | . 2 . . 2 Successful 2 | . 1 . . 1 Failed 2 | . 1 . . 1 Catastrophic 1 | . 1 . . . Database Lockouts . | . . . . . Manual 2 | . 2 . . . Terminals 4 | . 2 . . 2 Fabricators . | . . . . . Repair Stations . | . . . . . Recycling Units . | . . . . . Scanalyzers . | . . . . . Garrison Access . | . . . . . Terminal Hacks 2 | . 1 . . 1 Open Door 1 | . . . . 1 Branch Access Points 1 | . 1 . . . Fabricator Hacks . | . . . . . Repair Station Hacks . | . . . . . Recycling Unit Hacks . | . . . . . Scanalyzer . | . . . . . Garrison Access Hacks . | . . . . . Unauthorized Hacks . | . . . . . Terminals . | . . . . . Fabricators . | . . . . . Repair Stations . | . . . . . Recycling Units . | . . . . . Scanalyzers . | . . . . . Garrison Access . | . . . . . Data Cores Recovered . | . . . . . Used . | . . . . . Hacking Detections 2 | . 1 . . 1 Full Trace Events 1 | . 1 . . . Feedback Events . | . . . . . Feedback Blocked . | . . . . . Robot Schematics Acquired . | . . . . . Robots Built . | . . . . . Authchips . | . . . . . Time . | . . . . . Total Robot Build Rating . | . . . . . Part Schematics Acquired . | . . . . . Parts Built . | . . . . . Authchips . | . . . . . Time . | . . . . . Total Part Build Rating . | . . . . . Part Studies Acquired . | . . . . . Parts Repaired . | . . . . . Time . | . . . . . Parts Recycled . | . . . . . Recycled Matter . | . . . . . Retrieved Matter . | . . . . . Retrieved Components . | . . . . . Parts Scanalyzed . | . . . . . Part Schematics Acquired . | . . . . . Parts Damaged . | . . . . . Bothacking | -11 -10 -9 -8 -8 ------------ Run | Yrd Mat Mat Mat Sto Used RIF Installer . | . . . . . Robots Hacked . | . . . . . Non-combat . | . . . . . Combat . | . . . . . Robot Hacks Applied . | . . . . . Relay Couplers Released 2 | . . . . 2 Machine Destruction 2 | . . . . 2 Fabnet Peak Effective % . | . . . . . Robots Rewired . | . . . . . Allies Hacked . | . . . . . Hacks Repelled . | . . . . . Allies | -11 -10 -9 -8 -8 -------- Run | Yrd Mat Mat Mat Sto Total Allies . | . . . . . Largest Group . | . . . . . Highest-Rated Group . | . . . . . Highest-Rated Ally . | . . . . . Total Orders . | . . . . . Ally Attacks . | . . . . . Total Damage . | . . . . . Kills . | . . . . . Allies Corrupted . | . . . . . Allies Melted . | . . . . . Intel | -11 -10 -9 -8 -8 ------- Run | Yrd Mat Mat Mat Sto Active Infowar (turns) 153 | . . . 153 . Terrain 153 | . . . 153 . Robot Analysis Total . | . . . . . Derelict Logs Recovered . | . . . . . Drone Launches . | . . . . . Drone Recoveries . | . . . . . Exploration | -11 -10 -9 -8 -8 ------------- Run | Yrd Mat Mat Mat Sto Turns Passed 2167 | 51 1049 408 327 332 Spaces Moved 513 | 40 168 124 90 91 Core 50 | 17 33 . . . Treads . | . . . . . Legs 463 | 23 135 124 90 91 Wheels . | . . . . . Hover . | . . . . . Flight . | . . . . . Fastest Speed 50 | 50 120 260 260 260 Average Speed 337 | 95 501 260 263 322 Slowest Speed 1400 | 200 1400 260 330 820 Overloaded Moves . | . . . . . Propulsion Burnouts . | . . . . . Robots Hopped . | . . . . . Potential Cave-ins . | . . . . . Cave-ins Triggered . | . . . . . Exploration Rate (%) 17 | 4 37 20 8 17 Regions Visited 4 Branch Regions 1 Pre-discovered Areas . | . . . . . Known Exits Taken . | . . . . . Unknown Exits Taken 4 | 1 1 1 1 . Scrap Searched . | . . . . . Spaces Dug . | . . . . . Terrain Destroyed 17 | . . . . 17 Melee . | . . . . . Projectile . | . . . . . AOE 17 | . . . . 17 Terrain Rammed . | . . . . . Walls Destroyed . | . . . . . Machines Disabled . | . . . . . Actions | -11 -10 -9 -8 -8 --------- Run | Yrd Mat Mat Mat Sto Total 856 | 53 330 184 167 122 Wait 194 | . 118 24 52 . Move 509 | 39 167 123 89 91 Hop . | . . . . . Pick Up 33 | 7 8 6 5 7 Fast Attach 1 | 1 . . . . Attach 30 | 5 6 3 6 10 Detach . | . . . . . Swap 2 | . 1 . 1 . Drop 14 | 1 1 1 4 7 Fire 73 | . 29 27 10 7 Melee . | . . . . . Ram . | . . . . . Kick . | . . . . . Crush . | . . . . . Escape Stasis . | . . . . . Rewire . | . . . . . Trap . | . . . . . Miscellaneous . | . . . . . Route ------- -11/Scrapyard -10/Materials (discovered 3 exits: [*Mat] / *Min x2) -9/Materials -8/Materials -8/Storage History --------- Turn | Location | Event 21 | -11/Scrapyard | Discovered new exit (range 14) 52 | -11/Scrapyard | Entered Materials 52 | -10/Materials | Discovered new exit (range 8) 64 | -10/Materials | Identified exit to Mines 305 | -10/Materials | Build established: Mutant 354 | -10/Materials | Core integrity fell below 50% 423 | -10/Materials | Lost 6 parts (1p2n1u2w) 1037 | -10/Materials | Discovered new exit (range 16) 1101 | -10/Materials | Entered another Materials area 1101 | -9/Materials | Evolved 2 slots: Propulsion x2 1386 | -9/Materials | Build established: Scavenger-Mutant 1470 | -9/Materials | Discovered new exit (range 12) 1509 | -9/Materials | Entered another Materials area 1509 | -8/Materials | Evolved 2 slots: Utility x1, Weapon x1 1611 | -8/Materials | Discovered new exit (range 16) 1836 | -8/Materials | Entered Storage 2076 | -8/Storage | Lost 3 parts (2n1w) 2168 | -8/Storage | Self-destructed Last Messages --------------- 02117_ U-05 Engineer destroyed. 02117_ Chain reaction triggered in Prototype Engine. 02120_ Dropped Adv. EMP Blaster. 02144_ System corrupted: Heat flow error (+239). 02154_ R-06 Scavenger collects Corrupted Com. Wheel. 02156_ C-45 Heavy ARC bursts open, deploying its payload. 02156_ B-36 Bruiser unfolds itself. 02156_ G-47 Trooper unfolds itself. 02156_ I-25 Savior unfolds itself. 02156_ Critical hit (Burn: +37). 02159_ R-06 Scavenger collects Corrupted Wheel. 02160_ Lgt. Ion Engine destroyed. 02160_ Critical hit (Burn: +37). 02162_ R-06 Scavenger collects Corrupted Wheel. 02164_ Aluminum Leg destroyed. 02166_ R-06 Scavenger collects Corrupted Lgt. Treads. Map ----- +----------------------------------------------------+ | | | | | | | | | ????????????????????????????????? | | ????????????????????????????????? | | ????????????????????????????????? | | ????????????????????????????????? | | ????????????????????????????????? | | ????????????????????????????????? | | ????????????????????????????????? | | ????????????????????????????????? | | ????????????????????????????????? | | ????????????????????????????????? | | ??????????????????????????? ?? | | ??????????????????????????? !?? | | ???????????????????##?????? ? | | ???????????????????? ?????# # | | ????????????????????? ##### # | | ????????????????????? # # % # | | ??????????????????????+% + # | | ??????????????????????# i# # | | ??????????????????????#gga# ! ! # | | ??????????????????????# # ! # | | ??????????????????????# gb# ? | | ????????????????????### @# = ?? | | ????????????????????#;; ##/#### | | ?????????????#"Y"#### == # | | ??????????# =* # | | ??????????# """" [ *]=] # | | ????????????? ??"""" %= =!= " # | | ????????????????"""" ! =%%[] # | | ?????????????? %r== # | | ???????????? # | | ???????????? # # | | ????????????#####"T"### # # | | ????????????????####### # # | | ?????????????????#! !## # # | | ?????????????????#! !## #] % # | | ?????????????????#! !## #### ## | | ?????????????????#! !## #???##? | | ?????????????????## ### #?????? | | ?????????????????#T # #?????? | | ?????????????????## + #?????? | | ??????????????????##### #?????? | | ??????????????????????# #?????? | | ??????????????????????# #?????? | | ??????????????????????# #?????? | | ??????????????????????# #?????? | | ??????????????????????# #?????? | +----------------------------------------------------+ Best States ------------- Heat Dissipation 41 Energy Generation 10 Energy Capacity 325 Matter Stores 327 Matter Capacity 500 Sight Range 16 Terrain Scan Range 16 Terrain Scan Density 10 Additional Mass Support 6 Evasion (%) 55 Item Schematics ----------------- None Robot Schematics ------------------ None Fabricated ------------ Nothing Repaired ---------- Nothing Studied --------- None Alien Tech Used ----------------- None Achievements -------------- None Challenges ------------ None Game ------ Seed ProtonBehemothSabre Manual? 0 Play Time 00:13:04 Cumulative 33.6 hours Start 2025.11.23 @ 17:35:59 End 2025.11.23 @ 17:46:34 Sessions 1 Manual Loads 0 Difficulty Rogue Special Mode None Game No. 102 Rogue 102 Adventurer 0 Explorer 0 Win Type - Total 0 Types 0/0/0/0/0/0/0/0/0/0 Lore% 13 Gallery% 25 Achievement% 19 Wizard Run 0 Options --------- Layout 1 ASCII 0 Keyboard 0 Movement Mouse Keybinds 0 Fullscreen 1 Font 24/Terminus Map View 50x35 Zoom Use 0% Tactical HUD 1 Map Filters NONE Filters NONE Steam 1 RUN: c1f9bd1a-443a-43ca-9300-fe293739f272